AoeStats
← The Crusader

Hill Fort

504350472Analyzed
4v4 RM · 28d ago on Sep 5, 2026· 64m 12s· 8 players
Game mode
Random Map
Map size
Large (8 player)
Population
200
Speed
Normal
Resources
Standard
Victory
Conquest
Starting age
Dark Age
Ending age
Imperial Age
RankedLock teamsTeams togetherTeam positionsShared explorationLock speedFull tech treeHidden civsTurbo modeCheats
Victory
Defeat
🇺🇸 Persians · United States
1464
+14
🇺🇸 Khmer · United States
1464
+14
🇧🇷 Tatars · Brazil
1391
+17
🇻🇳 Dravidians · Vietnam
1358
+18
🇨🇳 Cumans · China
1479
-18
🇹🇷 Spanish · Türkiye
1414
-16
🇹🇷 Ethiopians · Türkiye
1384
-15
🇹🇷 Dravidians · Türkiye
1375
-14
klostrofobikköstebek
10:49 Feudal Age
13:51 Loom
16:35 Castle Age
19:49 Double-Bit Axe
21:25 Horse Collar
22:31 Wheelbarrow
23:00 Bow Saw
22:51 Heavy Plow
24:42 Hand Cart
31:25 Imperial Age
29:37 Ballistics
29:57 Padded Archer Armor
29:48 Fletching
29:59 Gold Mining
29:59 Stone Mining
31:13 Leather Archer Armor
31:35 Bodkin Arrow
31:30 Elite Elephant Archer
32:16 Thumb Ring
33:24 Chemistry
35:09 Ring Archer Armor
34:41 Bracer
36:06 Husbandry
41:30 Forging
41:20 Scale Mail Armor
40:46 Man-at-Arms
41:12 Gambesons
41:28 Squires
41:13 Arson
45:29 Pikeman
46:26 Chain Mail Armor
46:47 Iron Casting
46:17 Scale Barding Armor
46:25 Halberdier
49:49 Plate Mail Armor
50:19 Blast Furnace
49:16 Light Cavalry
50:29 Caravan
58:20 Murder Holes
waLLefps.
5:19 Loom
12:23 Feudal Age
16:39 Castle Age
15:08 Double-Bit Axe
15:29 Horse Collar
17:54 Bow Saw
18:08 Heavy Plow
24:12 Fletching
24:25 Padded Archer Armor
25:38 Wheelbarrow
24:56 Town Watch
27:51 Bloodlines
27:36 Gold Mining
30:52 Fletching
33:32 Imperial Age
31:27 Hand Cart
31:49 Leather Archer Armor
31:57 Husbandry
33:11 Bodkin Arrow
33:23 Scale Barding Armor
33:28 Forging
33:16 Stone Mining
33:24 Stone Mining
34:57 Conscription
35:11 Ring Archer Armor
35:43 Chemistry
35:03 Ballistics
34:54 Masonry
35:53 Hoardings
36:22 Elite Conquistador
37:22 Bracer
37:51 Murder Holes
38:01 Cavalier
38:18 Light Cavalry
39:46 Chain Barding Armor
39:14 Hussar
40:16 Fervor
40:27 Sanctity
41:12 Paladin
47:27 Two-Man Saw
58:04 Plate Barding Armor
58:05 Iron Casting
逸丶然
8:10 Feudal Age
11:17 Horse Collar
17:09 Wheelbarrow
21:10 Castle Age
19:19 Double-Bit Axe
21:01 Scale Barding Armor
21:06 Forging
21:17 Loom
21:23 Town Watch
22:03 Bloodlines
22:16 Chain Barding Armor
22:56 Gold Mining
23:19 Bow Saw
26:07 Stone Mining
27:57 Heavy Plow
28:33 Gold Shaft Mining
32:01 Iron Casting
34:15 Hand Cart
38:27 Imperial Age
36:13 Elite Skirmisher
36:59 Thumb Ring
36:57 Scale Mail Armor
36:51 Fletching
37:01 Padded Archer Armor
37:41 Bodkin Arrow
38:49 Leather Archer Armor
39:12 Ballistics
38:48 Murder Holes
40:27 Chemistry
40:18 Ring Archer Armor
40:53 Conscription
40:36 Light Cavalry
42:57 Plate Barding Armor
42:38 Hussar
45:17 Blast Furnace
46:44 Capped Ram
47:05 Cavalier
49:51 Hoardings
49:07 Cavalier
53:54 Two-Man Saw
52:56 Heavy Plow
53:33 Gold Shaft Mining
MinorCloud9519
10:39 Feudal Age
14:35 Castle Age
13:00 Horse Collar
13:14 Double-Bit Axe
15:29 Heavy Plow
15:41 Bow Saw
16:13 Wheelbarrow
16:35 Town Watch
16:38 Loom
20:06 Gold Mining
20:09 Stone Mining
20:59 Fletching
23:36 Bodkin Arrow
24:14 Gold Mining
26:40 Ballistics
33:42 Imperial Age
31:35 Padded Archer Armor
31:06 Crossbowman
32:40 Hand Cart
33:06 Leather Archer Armor
33:59 Gold Shaft Mining
34:25 Thumb Ring
35:25 Chemistry
34:31 Bracer
35:03 Conscription
34:43 Arbalester
36:51 Two-Man Saw
37:06 Ring Archer Armor
37:25 Torsion Engines
36:59 Elite Skirmisher
41:13 Siege Engineers
41:19 Masonry
45:38 Coinage
50:03 Halberdier
50:07 Onager
52:19 Scale Mail Armor
52:30 Forging
52:32 Squires
53:24 Caravan
thegoodjunk
7:57 Loom
10:08 Feudal Age
10:34 Double-Bit Axe
15:30 Castle Age
13:52 Horse Collar
17:24 Wheelbarrow
19:05 Bow Saw
22:13 Fletching
22:13 Elite Skirmisher
25:48 Hand Cart
25:45 Gold Mining
27:58 Heavy Plow
29:20 Bodkin Arrow
29:25 Padded Archer Armor
33:36 Imperial Age
31:25 Scale Barding Armor
32:14 Forging
32:46 Bloodlines
32:36 Husbandry
32:35 Stone Mining
32:25 Light Cavalry
33:37 Leather Archer Armor
33:45 Chain Barding Armor
35:11 Plate Barding Armor
35:23 Iron Casting
35:19 Cavalier
37:09 Savar
39:06 Thumb Ring
39:28 Ballistics
40:15 Conscription
40:51 Gold Shaft Mining
41:40 Blast Furnace
43:55 Stone Shaft Mining
51:23 Leather Archer Armor
53:09 Caravan
57:14 Ring Archer Armor
62:57 Heavy Camel Rider
The Crusader
9:38 Feudal Age
10:15 Loom
15:14 Castle Age
13:20 Double-Bit Axe
15:02 Gold Mining
16:49 Bow Saw
21:29 Wheelbarrow
23:04 Horse Collar
24:25 Heavy Plow
24:47 Hand Cart
27:36 Gold Shaft Mining
28:35 Town Watch
32:03 Imperial Age
33:13 Conscription
32:57 Elite Ballista Elephant
34:08 Conscription
34:09 Masonry
35:02 Chemistry
34:21 Husbandry
34:34 Bloodlines
35:01 Fletching
35:32 Ballistics
35:56 Double Crossbow
36:31 Scale Barding Armor
37:47 Chain Barding Armor
39:18 Heavy Scorpion
41:04 Architecture
42:08 Stone Mining
42:46 Caravan
43:23 Siege Engineers
55:27 Stone Shaft Mining
57:21 Bodkin Arrow
Karzul
11:06 Feudal Age
12:41 Loom
15:38 Castle Age
14:10 Double-Bit Axe
14:54 Fletching
15:07 Horse Collar
17:36 Bow Saw
19:12 Bodkin Arrow
24:49 Husbandry
28:04 Padded Archer Armor
28:18 Bloodlines
28:41 Padded Archer Armor
29:33 Ballistics
34:50 Wheelbarrow
35:53 Hand Cart
39:41 Imperial Age
38:09 Leather Archer Armor
38:30 Elite Skirmisher
39:41 Heavy Plow
41:25 Chemistry
40:26 Bracer
41:52 Ring Archer Armor
41:03 Light Cavalry
42:16 Hussar
43:02 Scale Barding Armor
43:08 Forging
43:16 Caravan
44:23 Chain Barding Armor
46:03 Iron Casting
47:32 Silk Armor
47:53 Conscription
48:29 Town Watch
49:03 Guilds
50:32 Plate Barding Armor
50:58 Blast Furnace
56:04 Timurid Siegecraft
58:18 Crop Rotation
57:39 Gold Mining
57:40 Stone Mining
58:35 Siege Engineers
62:48 Elite Steppe Lancer
La Apple
10:02 Feudal Age
15:57 Castle Age
14:23 Double-Bit Axe
14:29 Horse Collar
16:45 Loom
17:38 Wheelbarrow
17:16 Bow Saw
17:09 Heavy Plow
19:32 Fletching
21:45 Fishing Lines
23:24 Bodkin Arrow
24:29 Gillnets
26:35 Town Watch
32:01 Imperial Age
29:40 Padded Archer Armor
30:31 Thumb Ring
32:30 Gold Mining
32:31 Stone Mining
32:07 Elite Elephant Archer
34:13 Chemistry
33:53 Hand Cart
34:05 Bracer
34:53 Leather Archer Armor
35:19 Ballistics
35:47 Husbandry
36:49 Ring Archer Armor
38:11 Medical Corps
38:27 Conscription
40:25 Scale Barding Armor
40:31 Forging
41:29 Chain Barding Armor
41:25 Caravan
43:27 Scale Mail Armor
44:02 Iron Casting
45:48 Blast Furnace
45:32 Elite Skirmisher
47:43 Light Cavalry
56:51 Siege Elephant
64:03 Town Patrol
Connection lost

Rejoining the realm…

Still unreachable

The connection could not be restored.

Session expired

The server has moved on; the page needs a fresh start.